 Dungeon Crawl Stone Soup version 0.19-a0-1292-g796ee4d (webtiles) character file.

143 Kidiri the Magician (level 5, -3/28 HPs)
             Began as a Deep Elf Fire Elementalist on Aug 30, 2016.
             Slain by Grinder (5 damage)
             ... on level 3 of the Dungeon.
             The game lasted 00:13:00 (2953 turns).

Kidiri the Magician (Deep Elf Fire Elementalist)    Turns: 2953, Time: 00:13:01

Health: -3/28      AC:  2    Str:  5    XL:     5   Next: 4%
Magic:  1/15       EV: 13    Int: 21    God:
Gold:   59         SH:  0    Dex: 15    Spells: 5 memorised, 2 levels left

rFire  . . .     SeeInvis .     l - +3 dagger
rCold  . . .     Gourm    .     a - +0 robe
rNeg   . . .     Faith    .     (no shield)
rPois  .         Spirit   .     (no helmet)
rElec  .         Dismiss  .     (no cloak)
rCorr  .         Reflect  .     (no gloves)
MR     .....     Harm     .     (no boots)
Stlth  ++........               (no amulet)
                                (no ring)
                                (no ring)

@: no status effects
A: no striking features
a: no special abilities


You were on level 3 of the Dungeon.
You were not hungry.

You visited 1 branch of the dungeon, and saw 3 of its levels.

You collected 59 gold pieces.

Inventory:

Hand Weapons
 l - a +3 dagger (weapon)
Armour
 a - a +0 robe (worn)
Scrolls
 h - a scroll of enchant weapon {unknown}
 i - 2 scrolls of recharging
 n - a scroll of immolation
Potions
 e - a potion of invisibility
 f - a potion of curing
 g - 2 potions of heal wounds {unknown}
Books
 b - a book of Flames

   Spells                             Type                      Level
   a - Flame Tongue                   Conjuration/Fire             1
   b - Throw Flame                    Conjuration/Fire             2
   c - Conjure Flame                  Conjuration/Fire             3
   d - Inner Flame                    Hexes/Fire                   3
   e - Sticky Flame                   Conjuration/Fire             4
   f - Fireball                       Conjuration/Fire             5
Comestibles
 c - a bread ration
 d - a meat ration
 j - a chunk of flesh
 m - a slice of pizza


   Skills:
 - Level 2.4 Dodging
 - Level 2.4 Stealth
 * Level 5.6 Spellcasting
 + Level 2.9 Conjurations
 + Level 4.0 Fire Magic


You had 2 spell levels left.
You knew the following spells:

 Your Spells              Type           Power        Failure   Level  Hunger
a - Flame Tongue          Conj/Fire      ###..        2%          1    None
b - Throw Flame           Conj/Fire      ###...       4%          2    None
c - Conjure Flame         Conj/Fire      ###.....     10%         3    ##.....
d - Inner Flame           Hex/Fire       ##......     17%         3    ##.....
e - Sticky Flame          Conj/Fire      ###.....     28%         4    ####...


Dungeon Overview and Level Annotations

Branches:
Dungeon (3/15)

Altars:
Hepliaklqana
Ru
Sif Muna
Xom
The Shining One

Annotations:
D:3 Grinder; PeterMcNeter's ghost, amateur TeGl


Message History

Grinder gestures at you.
You suddenly lose the ability to move!
Grinder gestures at you. Pain shoots through your body!
Grinder blinks!
Grinder hits you.
You writhe in agony.
Grinder gestures at you. You resist with significant effort.
You can move again.
Casting: Flame Tongue
Confirm with . or Enter, or press ? or * to list all spells.
Aiming: Flame Tongue
Press: ? - help, Shift-Dir - straight line, f - Grinder
Aim: Grinder (almost dead)
The flame tongue hits Grinder.
Grinder is almost dead.
Grinder hits you!
* * * LOW HITPOINT WARNING * * *
You writhe in agony.
You die...

#########
#....@5.#
#########.#####.#
###.........# #
#.......#####
#.#.###.# #.# #.
#.#
#.#.###.#######
#.............#


You could see Grinder.

Vanquished Creatures
  3 adders
  4 gnolls
  An ooze (D:1)
  A worm (D:2)
  A dart slug (D:2)
  3 giant geckos
  7 bats
  4 giant cockroaches
  9 goblins
  10 hobgoblins
  6 jackals
  A ball python (D:2)
  7 giant newts
  4 kobolds
  4 rats
65 creatures vanquished.

Notes
Turn   | Place    | Note
-------+----------+-------------------------------------------
     0 | D:1      | Kidiri the Deep Elf Fire Elementalist began the quest for the Orb.
     0 | D:1      | Reached XP level 1. HP: 10/10 MP: 6/6
   116 | D:1      | Reached XP level 2. HP: 15/15 MP: 5/8
   120 | D:1      | Learned a level 2 spell: Throw Flame
   300 | D:1      | Reached skill level 4 in Spellcasting
   415 | D:1      | Found a glowing golden altar of the Shining One.
   903 | D:1      | Reached XP level 3. HP: 19/19 MP: 8/10
  1023 | D:1      | Learned a level 3 spell: Conjure Flame
  1027 | D:1      | Learned a level 3 spell: Inner Flame
  1494 | D:2      | Found a sacrificial altar of Ru.
  1817 | D:2      | Reached XP level 4. HP: 21/24 MP: 10/12
  1853 | D:2      | Reached skill level 5 in Spellcasting
  2119 | D:2      | Learned a level 4 spell: Sticky Flame
  2137 | D:2      | Found a deep blue altar of Sif Muna.
  2372 | D:3      | Found a faded altar of an unknown god.
  2534 | D:3      | Noticed PeterMcNeter's ghost (amateur TeGl)
  2880 | D:3      | Found a hazy altar of Hepliaklqana.
  2881 | D:3      | Found a shimmering altar of Xom.
  2881 | D:3      | Noticed an insubstantial wisp
  2882 | D:3      | Noticed a spectral ugly thing
  2882 | D:3      | Noticed an insubstantial wisp
  2910 | D:3      | Noticed Grinder
  2946 | D:3      | Reached XP level 5. HP: 18/28 MP: 1/15
  2946 | D:3      | Paralysed by Grinder for 7 turns
  2953 | D:3      | Slain by Grinder

Vault maps used:
D:1:      dpeg_arrival_erosion, tso_metal_star
D:2:      led_sif_pool, nicolae_ru_awakened_eye
D:3:      regret_index_temple_of_mockery, overflow_temple_1_default,
          ecumenical_altar_2, st_stairs_14, minmay_misc_feat_encased,
          uniq_grinder

Skill      XL: |  1  2  3  4 |
---------------+-------------+-----
Spellcasting   | 4 5 |  5.6
Conjurations   | 2 |  2.9
Fire Magic     | 4 |  4.0
Dodging        | |  2.4
Stealth        | |  2.4

Action                   |  1- 3 |  4- 6 || total
-------------------------+-------+-------++-------
Melee: Dagger            |    15 |     2 ||    17
       Unarmed           |     7 |       ||     7
 Cast: Flame Tongue      |    65 |    40 ||   105
       Throw Flame       |     9 |     4 ||    13
       Conjure Flame     |       |     2 ||     2
       Sticky Flame      |       |     1 ||     1
       Inner Flame       |       |     1 ||     1
  Use: Scroll            |       |     5 ||     5
       Potion            |       |     1 ||     1
 Stab: Sleeping          |     2 |     1 ||     3
  Eat: Chunk             |     3 |     4 ||     7
Armor: Robe              |     7 |     2 ||     9
Dodge: Dodged            |    35 |    14 ||    49
